Map: Deathaura LE

Players

Seither - Winner!

  • Race: Terran Terran
  • League: Grandmaster
  • Spawn Location: 5:00

MèoMáiKà (MeomaikA)

  • Race: Zerg Zerg
  • League: Grandmaster
  • Spawn Location: 11:00

Event: DreamHack SC2 Masters 2020 Winter

VOD

Have the link to the VOD?

Description

Time

  • Played on: Oct. 22, 2020, 5:45 a.m.
  • Length: 6:49

All games in this series

Show
View Real Time Build Order
Export as new Build Order

Seither Terran - Winner!

Build Orders: Liberator Opening, Reaper Expand 

Get SALT Encoding   

  12  0:00  SCV  
  13  0:12  SCV  
  14  0:18  Supply Depot  
  14  0:24  SCV  
  15  0:39  SCV  
  15  0:40  Barracks  
  16  0:45  Refinery  
  16  0:51  SCV  
  17  1:04  SCV  
  18  1:16  SCV  
  19  1:28  Reaper, Orbital Command  
  20  1:40  Command Center  
  20  1:50  Supply Depot  
  20  1:54  SCV  
  20  2:00  Reaper  
  22  2:07  SCV  
  23  2:10  Refinery  
  23  2:19  SCV  
  24  2:24  Factory  
  24  2:31  SCV  
  25  2:39  Barracks Reactor  
  25  2:43  SCV  
  26  2:55  SCV, Orbital Command  
  27  3:07  SCV  
  27  3:09  Starport  
  29  3:20  SCV  
  29  3:21  SCV  
  29  3:22  Hellion x2  
  29  3:23  Barracks Tech Lab  
  34  3:32  SCV  
  34  3:33  SCV  
  36  3:37  Supply Depot  
  36  3:39  Bunker  
  35  3:44  SCV  
  35  3:45  SCV  
  35  3:46  Hellion x2  
  35  3:47  Marauder  
  42  3:52  Supply Depot  
  39  3:59  Liberator  
  35  4:03  SCV  
  33  4:20  Hellion  
  33  4:21  Hellion  
  37  4:25  Marauder  
  37  4:26  SCV  
  40  4:32  Stimpack  
  40  4:38  SCV  
  40  4:40  Orbital Command  
  41  4:50  SCV  
  42  5:05  Command Center  
  40  5:16  Supply Depot  
  40  5:17  SCV  
  41  5:22  Liberator  
  41  5:26  SCV  
  45  5:33  SCV  
  46  5:41  Barracks  
  46  5:45  SCV x2  
  46  5:46  Barracks  
  46  5:47  Factory Reactor  
  48  5:59  SCV x2  
  49  6:05  Marauder  
  49  6:09  Supply Depot  
  51  6:11  SCV  
  51  6:12  SCV  
  51  6:15  Supply Depot  
Show
View Real Time Build Order
Export as new Build Order

MèoMáiKà Zerg 

Build Orders: Pool First 

Get SALT Encoding   

  12  0:00  Drone  
  13  0:08  Drone  
  14  0:16  Overlord  
  14  0:24  Drone, Extractor  
  15  0:34  Drone x2  
  17  0:44  Spawning Pool  
  17  0:47  Drone  
  17  1:07  Hatchery  
  17  1:10  Drone  
  17  1:12  Extractor  
  17  1:15  Drone  
  17  1:31  Zergling x4  
  19  1:35  Roach Warren  
  19  1:38  Drone  
  19  1:47  Queen  
  21  1:54  Overlord  
  21  2:02  Drone  
  22  2:16  Roach  
  22  2:21  Roach  
  25  2:25  Roach  
  27  2:31  Roach  
  27  2:32  Zergling x2  
  29  2:53  Zergling x4, Metabolic Boost  
  29  2:54  Zergling x2  
  29  2:55  Zergling x2  
  29  2:56  Zergling x6  
  36  3:07  Overlord  
  36  3:19  Overlord  
  36  3:25  Queen  
  38  3:28  Zergling x2  
  38  3:29  Zergling x4  
  38  3:33  Zergling x2  
  41  3:39  Zergling x2  
  41  3:40  Zergling x2  
  41  3:48  Zergling x2  
  41  3:49  Zergling x2  
  41  3:50  Zergling x2  
  41  3:55  Zergling x2  
  45  3:57  Zergling x2  
  45  4:02  Zergling x2  
  47  4:04  Zergling x2  
  48  4:13  Ravager  
  48  4:14  Zergling x2  
  50  4:17  Zergling x2  
  50  4:18  Zergling x2  
  50  4:20  Zergling x2  
  44  4:25  Zergling x2  
  44  4:27  Drone  
  45  4:31  Drone  
  45  4:34  Drone  
  46  4:41  Drone  
  46  4:44  Drone  
  48  4:53  Drone  
  48  4:58  Roach  
  51  5:05  Overlord  
  51  5:29  Overlord  
  51  5:31  Spore Crawler  
  51  5:32  Zergling x4, Spore Crawler  
  51  5:47  Zergling x2  
  51  5:48  Zergling x6  
  51  5:49  Zergling x2  
  56  5:50  Zergling x4  
  56  5:55  Zergling x2  
  57  6:05  Zergling x4  
  59  6:25  Zergling x2  
Tags
 
Add a new tag
Caveats
  • Supply blocks, unpowered buildings, or Contaminate may cause inaccurate times.
  • Supply counts are checked every 10 seconds.